 Dungeon Crawl Stone Soup version 0.27.1-37-g7b29ead8ac (webtiles) character file.

Game seed: 2882754109681451337

332 cbfl8 the Chopper (level 6, -1/51 HPs)
             Began as a Minotaur Gladiator on June 2, 2023.
             Was an Initiate of Yredelemnul.
             Slain by a troll (5 damage)
             ... on level 5 of the Dungeon.
             The game lasted 00:02:49 (3343 turns).

cbfl8 the Chopper (Minotaur Gladiator)              Turns: 3343, Time: 00:02:51

Health: -1/51      AC:  6    Str: 24    XL:     6   Next: 26%
Magic:  5/5        EV: 13    Int:  5    God:    Yredelemnul [......]
Gold:   162        SH:  0    Dex: 20    Spells: 5/5 levels left

rFire    . . .     SeeInvis .   a - +0 war axe (freeze)
rCold    . . .     Faith    .   (no shield)
rNeg     . . .     Spirit   .   l - +0 ring mail {rPois}
rPois    +         Reflect  .   c - +0 hat
rElec    .         Harm     .   (no cloak)
rCorr    .         Rampage  .   n - +0 pair of gloves
Will     .....                  (no boots)
Stlth    +.........             p - amulet of regeneration
HPRegen  1.17/turn              i - +6 ring of dexterity
MPRegen  0.09/turn              h - +6 ring of strength

@: no status effects
A: horns 2, retaliatory headbutt
a: Renounce Religion


You were on level 5 of the Dungeon.
You worshipped Yredelemnul.
Yredelemnul was noncommittal.
You visited 2 branches of the dungeon, and saw 6 of its levels.

You collected 162 gold pieces.

Inventory:

Hand Weapons
 a - a +0 war axe of freezing (weapon)
Missiles
 d - 3 throwing nets (quivered)
Armour
 c - a +0 hat (worn)
 l - a +0 ring mail of poison resistance (worn)
 n - a +0 pair of gloves (worn)
 o - a +0 chain mail
Jewellery
 h - a +6 ring of strength (right hand)
 i - a +6 ring of dexterity (left hand)
 p - an amulet of regeneration (around neck)
Scrolls
 b - 3 scrolls of enchant weapon
 e - 4 scrolls of teleportation
 g - 4 scrolls of immolation
 k - a scroll of magic mapping
 q - a scroll of enchant armour
 s - a scroll of amnesia {unknown}
 t - a scroll of fear {unknown}
 v - a scroll of noise {unknown}
Potions
 f - a potion of ambrosia
 j - a potion of degeneration {unknown}
 m - a potion of resistance {unknown}
 r - a potion of heal wounds {unknown}
 u - 2 potions of curing {unknown}


   Skills:
 + Level 3.3 Fighting
 + Level 6.0 Axes
 + Level 2.1 Throwing
 + Level 2.2 Armour
 + Level 4.3 Dodging
 + Level 0.9 Stealth
 * Level 2.1 Evocations


You had 5 spell levels left.
You didn't know any spells.
Your spell library contained the following spells:

 Spells                   Type           Power      Damage    Failure   Level
 Shock                    Conj/Air       0%         1d3       63%         1
 Swiftness                Air            0%         N/A       94%         3
 Airstrike                Air            0%         N/A       100%        4


Dungeon Overview and Level Annotations

Branches:
Dungeon (5/15)             Temple (1/1) D:4

Altars:
Ashenzari
Elyvilon
Hepliaklqana
Kikubaaqudgha
Makhleb
Uskayaw
Vehumet
Yredelemnul

Annotations:
D:4 2 transporters, SniffMePlease's ghost, weakling DsBe


Innate Abilities, Weirdness & Mutations

You have a pair of horns on your head.
You reflexively headbutt those who attack you in melee.


Message History

The water moccasin skeleton is heavily damaged.
The water moccasin skeleton barely misses you. x2
You furiously retaliate!
You headbutt the water moccasin skeleton!
You hit the water moccasin skeleton.
The water moccasin skeleton is almost destroyed.
The water moccasin skeleton bites you but does no damage.
You slash the water moccasin skeleton!
You destroy the water moccasin skeleton!
Yredelemnul accepts your kill.
Your Axes skill increases to level 6!
No target in view!
b - 3 scrolls of enchant weapon (gained 1)
Found a flail.
No target in view!
u - 2 inky potions No target in view!
A troll comes into view.
The troll shouts!
Found a plate armour.
The troll closely misses you. You furiously retaliate!
You headbutt the troll. The troll barely misses you. The troll misses you.
A troll is nearby!
You slash the troll! You freeze the troll. You headbutt the troll!
The troll is heavily wounded.
The troll bites you! The troll claws you! x2
A troll is nearby!
You slash the troll! You freeze the troll.
The troll is severely wounded.
The troll bites you but does no damage. The troll claws you!
The troll barely misses you.
A troll is nearby!
You are too injured to fight recklessly!
You are too injured to fight recklessly!
You closely miss the troll. Your headbutt misses the troll.
The troll is severely wounded.
The troll bites you!
* * * LOW HITPOINT WARNING * * *
The troll claws you.
You die...
Your body rises from the dead as a mindless zombie.

....... .....# ##.. .
#.... ... ..## .. ...
#.. ...... ... ##.###..#
.(..... ....
###..##...###......
#..#)....#...##.......
..#........#.###........
.......@#.....##........
.......T####............
........###.............
.........#..............
#.#.....................
# ##...........>........
#......#.............
.[..####.....###.....
#....## ###...


You could see a troll.

Vanquished Creatures
  A water moccasin zombie (D:5)
  A water moccasin skeleton (D:5)
  A bullfrog skeleton (D:4)
  A hound (D:4)
  Terence (D:2)
  A hound skeleton (D:4)
  4 adders
  An ufetubus (D:4)
  An adder zombie (D:3)
  A worm (D:3)
  A dart slug (D:1)
  4 orcs
  6 endoplasms
  2 giant cockroaches
  4 goblins
  8 hobgoblins
  11 jackals
  3 quokkas
  6 ball pythons
  4 bats
  3 frilled lizards
  5 kobolds
  7 rats
77 creatures vanquished.

Notes
Turn   | Place    | Note
-------+----------+-------------------------------------------
     0 | D:1      | cbfl8 the Minotaur Gladiator began the quest for the Orb.
     0 | D:1      | Reached XP level 1. HP: 18/18 MP: 0/0
    44 | D:1      | Reached XP level 2. HP: 19/25 MP: 1/1
   425 | D:1      | Found a faded altar of an unknown god.
   800 | D:2      | Reached skill level 4 in Axes
  1056 | D:2      | Reached XP level 3. HP: 30/30 MP: 2/2
  1084 | D:2      | Noticed Terence
  1088 | D:2      | Killed Terence
  1435 | D:2      | Reached XP level 4. HP: 37/37 MP: 3/3
  1477 | D:2      | Reached skill level 1 in Armour
  1477 | D:2      | Reached skill level 1 in Evocations
  2480 | D:4      | Noticed an ogre
  2486 | D:4      | Reached skill level 5 in Axes
  2486 | D:4      | Noticed an ogre
  2524 | D:4      | Reached XP level 5. HP: 44/44 MP: 4/4
  2561 | D:4      | Found a staircase to the Ecumenical Temple.
  2573 | D:4      | Found a hazy altar of Hepliaklqana.
  2585 | Temple   | Entered the Ecumenical Temple
  2677 | Temple   | Became a worshipper of Yredelemnul the Dark
  2831 | D:4      | Found a transporter.
  2834 | D:4      | Noticed SniffMePlease's ghost (weakling DsBe)
  2834 | D:4      | Identified the +1 dire flail of Asuehes {speed, rElec rPois
                  | Stlth-}
  2834 | D:4      | Noticed an ogre
  2837 | D:4      | Found a transporter.
  3303 | D:5      | Entered Level 5 of the Dungeon
  3311 | D:5      | Reached XP level 6. HP: 49/51 MP: 5/5
  3327 | D:5      | Reached skill level 6 in Axes
  3339 | D:5      | Noticed a troll
  3343 | D:5      | Slain by a troll

Illustrated notes

Levels and vault maps discovered:
D:1:      dpeg_arrival_rooms_c, layout_basic, hellmonk_ecumenical_altar_blasted,
          minmay_surrounded
D:2:      layout_basic, glass_columns_b, bh_walls_and_bars, uniq_terence
D:3:      layout_basic
D:4:      layout_loops_ring, lemuel_round_altar, temple_fountains,
          gammafunk_ghost_smash, kennysheep_generic_room_3
D:5:      layout_cave_pools, serial_bayou_pond_e
Temple:   dpeg_five_rooms_temple

Skill      XL: |  1  2  3  4  5  6 |
---------------+-------------------+-----
Axes           | 4 5 6 |  6.0
Dodging        | 4 |  4.3
Armour         | 1 2 |  2.2
Evocations     | 1 2 |  2.1
Fighting       | 3 |  3.3
Throwing       | |  2.1
Stealth        | |  0.9

Action                   |  1- 3 |  4- 6 || total
-------------------------+-------+-------++-------
Melee: War axe           |    42 |    95 ||   137
       Headbutt          |     7 |    18 ||    25
  Use: Scroll            |     3 |     4 ||     7
 Stab: Sleeping          |     1 |     1 ||     2
Armor: Leather armour    |     4 |       ||     4
       Ring mail         |     4 |    36 ||    40
Dodge: Dodged            |    26 |    78 ||   104
